 Dungeon Crawl Stone Soup version 0.24-a0-464-g6b2be6b8c7 (webtiles) character file.

Game seed: 13639740581537151311

26003 Majang the Nimble (level 12, -5/63 HPs)
             Began as a Spriggan Assassin on July 1, 2019.
             Was an Elder of Dithmenos.
             Engulfed by a cloud of flame (23 damage)
             ... in a volcano on July 4, 2019.
             The game lasted 02:07:44 (22222 turns).

Majang the Nimble (Spriggan Assassin)              Turns: 22222, Time: 02:07:45

Health: -5/63      AC: 11    Str:  8    XL:     12   Next: 94%
Magic:  21/21      EV: 30    Int: 13    God:    Dithmenos [****..]
Gold:   1045       SH:  0    Dex: 21    Spells: 11/11 levels left

rFire    . . .     SeeInvis +   a - +2 long sword of Disarray {drain, rPois rC+}
rCold    + + .     Gourm    .   (shield restricted)
rNeg     + . .     Faith    .   t - +2 robe {rN+}
rPois    +         Spirit   .   (helmet restricted)
rElec    .         Reflect  .   c - +1 cloak
rCorr    .         Harm     .   (gloves unavailable)
MR       ++...                  (boots unavailable)
Stlth    ++++++++..             (no amulet)
HPRegen  0.20/turn              k - ring of protection from cold
MPRegen  0.17/turn              x - +5 ring of protection

@: wreathed by umbra, very quick
A: very small, unfitting armour, see invisible, herbivore, speed 3, slow
metabolism 2
a: Shadow Step, Renounce Religion


You were in a volcano.
You worshipped Dithmenos.
Dithmenos was greatly pleased with you.
You were not hungry.

You visited 3 branches of the dungeon, and saw 16 of its levels.
You also visited: Sewer, Ossuary, Ice Cave and Volcano.

You collected 1045 gold pieces.

Inventory:

Hand Weapons
 a - the +2 long sword of Disarray (weapon) {drain, rPois rC+}
   (You found it on level 4 of the Dungeon)

   A truly terrible weapon, it drains the life of those it strikes.
   It protects you from cold.
   It protects you from poison.
 b - a +2 short sword of flaming
 v - a +3 dagger
 M - a +1 rapier of flaming
Missiles
 d - 28 poisoned darts (quivered)
 e - 2 curare-tipped darts
Armour
 c - a +1 cloak (worn)
 t - a +2 robe of positive energy (worn)
Magical Staves
 H - an uncursed staff of wizardry
Jewellery
 k - a ring of protection from cold (left hand)
 w - an uncursed ring of flight
 x - a +5 ring of protection (right hand)
 B - an uncursed ring of poison resistance
 C - an uncursed amulet of magic regeneration
 K - an uncursed ring of magical power
 L - an uncursed amulet of rage
Wands
 h - a wand of polymorph (17)
 m - a wand of acid (4)
 s - a wand of flame (16)
 A - a wand of paralysis (2)
 G - a wand of scattershot (2)
Scrolls
 f - 7 scrolls of remove curse
 i - 10 scrolls of teleportation
 j - 9 scrolls of identify
 l - 2 scrolls of amnesia
 n - 2 scrolls of fear
 r - a scroll of enchant armour
 D - a scroll of enchant weapon
 F - a scroll of fog
Potions
 g - 5 potions of heal wounds
 o - 6 potions of flight
 p - 2 potions of berserk rage
 q - a potion of ambrosia {unknown}
 u - 7 potions of curing
 z - 4 potions of lignification {unknown}
 E - a potion of agility
 I - a potion of might {unknown}
 J - a potion of invisibility {unknown}
 N - a potion of brilliance {unknown}
Comestibles
 y - 20 rations


   Skills:
 + Level 7.4 Fighting
 - Level 12.0(12.4) Short Blades
 * Level 4.2(7.4) Long Blades
 + Level 9.0 Throwing
 + Level 12.2 Dodging
 - Level 12.0 Stealth
 + Level 11.0 Evocations


You had 11 spell levels left.
You didn't know any spells.
Your spell library contained the following spells:

 Spells                   Type           Power        Failure   Level  Hunger
 Confusing Touch          Hex            #.....       30%         1    ##.....
 Magic Dart               Conj           #...         30%         1    ##.....
 Sting                    Conj/Pois      #...         30%         1    ##.....
 Blink                    Tloc           N/A          43%         2    ###....
 Call Imp                 Summ           #.......     43%         2    ###....
 Passwall                 Tmut/Erth      #.......     43%         2    ###....
 Poisonous Vapours        Pois/Air       #.....       43%         2    ###....
 Slow                     Hex            #.......     43%         2    ###....
 Swiftness                Chrm/Air       #.......     43%         2    ###....
 Confuse                  Hex            #.......     67%         3    ####...
 Conjure Flame            Conj/Fire      #.......     67%         3    ####...
 Gell's Gravitas          Tloc           #.........   67%         3    ####...
 Mephitic Cloud           Conj/Pois/Air  #.......     67%         3    ####...
 Olgreb's Toxic Radiance  Pois           #.......     97%         4    #####..
 Passage of Golubria      Tloc           N/A          97%         4    #####..
 Petrify                  Tmut/Erth      #.......     97%         4    #####..
 Irradiate                Conj/Tmut      #.........   100%        5    ######.
 Lee's Rapid Deconstruct  Erth           #.........   100%        5    ######.
 Metabolic Englaciation   Hex/Ice        #.........   100%        5    ######.
 Venom Bolt               Conj/Pois      #.........   100%        5    ######.
 Yara's Violent Unravell  Hex/Tmut       #.........   100%        5    ######.
 Darkness                 Hex            #.........   100%        6    #######
 Hydra Form               Tmut           #.........   100%        6    #######
 Invisibility             Hex            #.......     100%        6    #######
 Statue Form              Tmut/Erth      #........    100%        6    #######
 Dragon Form              Tmut           #.........   100%        7    #######


Dungeon Overview and Level Annotations

Branches:
Dungeon (9/15)             Temple (1/1) D:5            Lair (6/6) D:9
 Shoals (0/4) Lair:3       Spider (0/4) Lair:4        Slime (0/5) Lair:5
    Orc: D:9-12

Altars:
Ashenzari
Cheibriados
Dithmenos
Elyvilon
Gozag
Hepliaklqana
Kikubaaqudgha
Makhleb
Nemelex Xobeh
Okawaru
Qazlal
Trog
Uskayaw
Vehumet
Wu Jian
Yredelemnul
Zin
The Shining One

Shops:
D:4 *

Annotations:
D:5 exclusion: oklob sapling
D:7 1 runed translucent door


Innate Abilities, Weirdness & Mutations

You are very small and have problems with some larger weapons.
You are too small for most types of armour.
You have supernaturally acute eyesight. (SInv)
You are a herbivore.
You cover ground extremely quickly.
You need to consume almost no food.


Message History

In the distance, the volcano erupts with a roar.
You start resting.
The air gets thick with the scent of sulphur.
You start resting.
In the distance, the volcano erupts with a roar.
You start resting.
HP restored.
You start waiting.
The air gets thick with the scent of sulphur.
You open the door.
There is an open door here.
In the distance, the volcano erupts with a roar.
You are engulfed in blazing flames.
Things that are here:
a shortbow of flaming; 12 arrows; a centaur skeleton You are engulfed in blazing flames.
You emit a cloud of dark smoke.
You are engulfed in blazing flames.
* * * LOW HITPOINT WARNING * * *
You are engulfed in blazing flames.
You die...

○°≈°☼ ≈§§§ °°° ....#
.°○#####...####
#°##...##..##.##
#.#.....#.°#.#∩#
#.#.....#°°#.#∩#
##.##...##°°#°###
.#####°°.##○##°○°○##
........°°°.○°@○°°##≈≈
..≈.≈≈≈≈≈..§.§°°°°°≈≈≈≈≈≈
≈≈≈≈≈≈.≈≈≈.≈≈°§≈≈≈≈°≈≈≈≈≈
≈≈≈≈≈≈≈≈≈≈≈≈≈≈≈≈≈≈≈≈≈≈≈≈≈
≈≈≈≈≈≈≈≈≈≈≈≈≈≈≈≈≈≈≈≈≈≈≈≈≈
≈≈≈≈≈≈≈≈≈≈≈≈≈≈≈≈≈≈≈≈≈≈≈≈≈
≈≈≈≈≈≈≈≈≈≈≈≈≈≈≈≈≈≈≈≈≈≈≈≈≈
≈≈≈≈≈≈≈≈≈≈≈≈≈≈≈≈≈≈≈≈≈≈≈≈
≈≈≈≈≈≈≈≈≈≈≈≈≈≈≈


There were no monsters in sight!

Vanquished Creatures
  Josephine (Lair:5)
  A hydra (Lair:2)
  A two-headed ogre (Volcano)
  3 death yaks (Lair:4)
  An ugly thing (IceCv)
  2 merfolk sirens (Lair:3)
  3 black mambas
  A molten gargoyle (Lair:4)
  6 spiny frogs
  3 rime drakes
  8 komodo dragons
  A polar bear (D:9)
  3 merfolk
  A slime creature (Lair:4)
  7 blink frogs
  7 hippogriffs
  4 wraiths
  5 yaks
  A wyvern (D:9)
  A fire bat (Volcano)
  2 hungry ghosts
  2 basilisks
  3 hell hounds (Volcano)
  9 porcupines
  8 water moccasins
  7 ice beasts
  3 orc warriors
  A swamp drake (D:9)
  2 sky beasts
  A phantom (D:8)
  A black bear (D:9)
  4 ogres
  A necrophage (D:6)
  17 wolves
  4 centaurs
  8 crocodiles
  3 big kobolds
  17 bullfrogs
  4 scorpions
  9 killer bees
  5 wights (D:6)
  2 howler monkeys
  2 electric eels
  6 crimson imps
  A quasit (D:7)
  6 jellies
  A bullfrog skeleton (D:7)
  5 orc priests
  3 hounds
  2 centaur skeletons
  5 iguanas
  5 orc wizards
  5 worker ants
  7 big kobold zombies (Ossuary)
  A mummy (Ossuary)
  A worker ant zombie (D:5)
  13 gnolls
  7 adders
  3 shadow imps
  5 oozes
  An adder zombie (D:9)
  3 adder skeletons
  9 worms
  2 dart slugs (D:2)
  9 leopard geckos
  12 orcs
  3 spectral bats (Ossuary)
  10 giant cockroaches
  5 gnoll zombies (Ossuary)
  6 goblins
  6 hobgoblins
  16 jackals
  2 quokkas (D:5)
  3 ball pythons
  A ball python skeleton (D:6)
  A ball python zombie (D:5)
  11 bats
  2 bat simulacra (Ossuary)
  3 frilled lizards
  2 goblin simulacra (Ossuary)
  6 goblin zombies (Ossuary)
  4 hobgoblin zombies (Ossuary)
  15 kobolds
  6 kobold simulacra (Ossuary)
  6 kobold zombies (Ossuary)
  2 orc zombies (Ossuary)
  A quokka skeleton (D:8)
  7 rats
  6 rat simulacra (Ossuary)
  3 spectral goblins (Ossuary)
  A spectral kobold (Ossuary)
  2 spectral rats (Ossuary)
  A butterfly (Lair:1)
  2 plants
420 creatures vanquished.

Vanquished Creatures (collateral kills)
  A death yak (Lair:4)
1 creature vanquished.

Vanquished Creatures (others)
  A two-headed ogre (Volcano)
  3 centaurs (Volcano)
  3 fungi
  A plant (Lair:5)
8 creatures vanquished.

Grand Total: 429 creatures vanquished

Notes
Turn   | Place    | Note
-------+----------+-------------------------------------------
     0 | D:1      | Majang the Spriggan Assassin began the quest for the Orb.
     0 | D:1      | Reached XP level 1. HP: 10/10 MP: 2/2
   573 | D:2      | Reached XP level 2. HP: 15/15 MP: 3/3
  1039 | D:2      | Reached XP level 3. HP: 14/18 MP: 4/4
  1124 | D:2      | Found an ornate altar of the Wu Jian Council.
  1132 | D:2      | You fall into a shaft and drop 2 floors!
  1132 | D:4      | Found Leutyej's General Store.
  1154 | D:4      | Noticed a sky beast
  1157 | D:4      | Killed a sky beast
  1157 | D:4      | Reached XP level 4. HP: 23/23 MP: 5/5
  1308 | D:3      | Reached XP level 5. HP: 20/26 MP: 6/6
  1324 | D:3      | You fall into a shaft and drop 1 floor!
  1388 | D:3      | Found a glowing drain.
  1431 | Sewer    | Entered a sewer
  1437 | Sewer    | Reached skill level 1 in Evocations
  2745 | D:2      | Reached XP level 6. HP: 32/32 MP: 8/8
  2889 | D:2      | Found a snail-covered altar of Cheibriados.
  2890 | D:2      | Found a stormy altar of Qazlal.
  3766 | D:4      | Got a crude long sword
  3767 | D:4      | Identified the cursed +2 long sword of Disarray {drain,
                  | rPois rC+} (You found it on level 4 of the Dungeon)
  3877 | D:5      | Entered Level 5 of the Dungeon
  3877 | D:5      | Found a staircase to the Ecumenical Temple.
  4060 | Temple   | Entered the Ecumenical Temple
  4108 | Temple   | Became a worshipper of Dithmenos the Shadowed
  4287 | D:5      | Found a sand-covered staircase.
  4295 | Ossuary  | Entered an ossuary
  4529 | Ossuary  | Reached * piety under Dithmenos
  4805 | Ossuary  | Reached XP level 7. HP: 35/35 MP: 9/9
  5489 | Ossuary  | Reached skill level 5 in Short Blades
  5734 | D:5      | Found an opulent altar of Gozag.
  6642 | D:6      | Reached ** piety under Dithmenos
  6793 | D:6      | Reached skill level 5 in Dodging
  7314 | D:6      | Reached XP level 8. HP: 33/40 MP: 11/11
  9474 | D:7      | Reached skill level 5 in Evocations
  9594 | D:7      | Reached XP level 9. HP: 45/45 MP: 13/13
  9774 | D:7      | Reached skill level 5 in Throwing
  9936 | D:7      | Reached *** piety under Dithmenos
 10394 | D:7      | Noticed a sixfirhy
 10395 | D:7      | Found a runed translucent door.
 10823 | D:8      | Reached skill level 10 in Stealth
 10933 | D:8      | Found an iron altar of Okawaru.
 10965 | D:8      | Found a sparkling altar of Nemelex Xobeh.
 11489 | D:9      | Found a white marble altar of Elyvilon.
 11622 | D:9      | Reached XP level 10. HP: 51/51 MP: 15/15
 11631 | D:9      | Reached **** piety under Dithmenos
 11777 | D:9      | Found a staircase to the Lair.
 11963 | D:9      | Reached skill level 5 in Fighting
 12347 | D:9      | Found a burning altar of Makhleb.
 12753 | Lair:1   | Entered Level 1 of the Lair of Beasts
 12778 | Lair:1   | Noticed a spiny frog
 12788 | Lair:1   | Noticed Urug
 12793 | D:9      | a spiny frog changed into a polar bear
 12861 | Lair:1   | Noticed a spiny frog
 12893 | Lair:1   | Found a frozen archway.
 12899 | IceCv    | Entered an ice cave
 13180 | IceCv    | Noticed a white ugly thing
 13190 | IceCv    | Killed a white ugly thing
 13190 | IceCv    | Reached skill level 10 in Short Blades
 13201 | IceCv    | Noticed an ice statue
 13201 | IceCv    | Noticed an ice statue
 13202 | IceCv    | Noticed an ice statue
 13206 | IceCv    | Noticed a white ugly thing
 13424 | Lair:1   | Reached XP level 11. HP: 42/56 MP: 18/18
 14207 | Lair:1   | Noticed Urug
 14207 | Lair:1   | Urug changed into Urug the merfolk
 14218 | Lair:1   | Killed Urug the merfolk
 14474 | Lair:1   | Upgraded the game from 0.24-a0-462-ge24419a6ad to
                  | 0.24-a0-464-g6b2be6b8c7
 14520 | Lair:2   | You fall into a shaft and drop 1 floor!
 14822 | Lair:2   | You fall into a shaft and drop 1 floor!
 15337 | Lair:2   | Reached skill level 10 in Dodging
 15383 | Lair:2   | Noticed a five-headed hydra
 15393 | Lair:2   | Killed a five-headed hydra
 15502 | Lair:3   | Found a staircase to the Shoals.
 16956 | Lair:4   | Reached XP level 12. HP: 51/62 MP: 20/20
 17490 | Lair:4   | Noticed a death yak
 17491 | Lair:4   | Noticed a death yak
 17502 | Lair:4   | Noticed a death yak
 17503 | Lair:4   | Noticed a death yak
 17539 | Lair:4   | Killed a death yak
 17799 | Lair:4   | Found a hole to the Spider Nest.
 18068 | Lair:4   | Killed a death yak
 18068 | Lair:4   | Reached skill level 1 in Long Blades
 18068 | Lair:4   | Reached skill level 10 in Evocations
 18390 | Lair:4   | Killed a death yak
 18547 | Lair:4   | Killed a death yak
 19589 | Lair:5   | Found a staircase to the Slime Pits.
 19777 | Lair:5   | Noticed Josephine
 20236 | Lair:5   | Killed Josephine
 21138 | Lair:6   | Entered Level 6 of the Lair of Beasts
 21138 | Lair:6   | Noticed a four-headed hydra
 21597 | Lair:6   | Found a dark tunnel.
 21602 | Volcano  | Entered a volcano
 21794 | Volcano  | Noticed a two-headed ogre
 21802 | Volcano  | Killed a two-headed ogre
 21810 | Volcano  | HP: 3/63 [hell hound/blast of flame (19)]
 21937 | Volcano  | Killed a two-headed ogre
 22222 | Volcano  | Engulfed by a cloud of flame

Levels and vault maps discovered:
D:1:      lightli_arrival_statue_moat, layout_rooms
D:2:      layout_loops_ring, lemuel_doored_altar,
          gammafunk_temple_overflow_pools
D:3:      layout_rooms, portal_sewer_entry_b, corexii_shack
D:4:      layout_basic, serial_shops, nicolae_shop_stone
D:5:      layout_rooms, kennysheep_mini_moat, minmay_temple_entry_oklob,
          chequers_ossuary_entry_cave, first_ration
D:6:      layout_cave_pools, serial_co_window_serial, co_window_paths_a,
          co_window_corner_a, co_window_of_opportunity_a, co_window_corner_a,
          co_window_of_opportunity_a, co_window_corner_a,
          co_window_unsneaky_path_e, co_window_2corner,
          co_window_of_opportunity_c, co_window_2corner,
          co_window_of_opportunity_b, hangedman_decor_push
D:7:      cheibrodos_shockbox, layout_layer_cave
D:8:      layout_cave_pools, nicolae_overflow_hidden_temple, basic_altar
D:9:      layout_irregular_city, lemuel_crystal_altar, elyvilon_altar_5,
          erik_lair_dragon
Temple:   regret_index_temple_waves
Lair:1:   layout_cave_pods, portal_ice_cave_rime, lemuel_fruit_fields, uniq_urug
Lair:2:   layout_chaotic_city, grunt_megastairs_1
Lair:3:   layout_gridlike, elwin_shoals_entry_stream, grunt_megastairs_5
Lair:4:   layout_gridlike, nicolae_spider_entry_non_spiders
Lair:5:   layout_cave_pods, minmay_slime_entry_pillars, st_stairs_7,
          serial_bayou_shore_a, uniq_josephine
Lair:6:   cheibrodos_lair_end_hotspot, layout_long_grid,
          nicolae_volcano_entry_s_turn, kennysheep_rathole
Volcano:  volcano_village

Skill      XL: |  1  2  3  4  5  6  7  8  9 10 11 12 |
---------------+-------------------------------------+-----
Dodging        | 2 3 4 5 6 8 9 10 12 | 12.2
Stealth        | 6 7 8 9 10 11 12 | 12.0
Fighting       | 2 3 4 5 6 7 |  7.4
Short Blades   | 3 4 5 7 8 10 11 12 | 12.0
Evocations     | 1 2 3 5 6 8 9 11 | 11.0
Throwing       | 3 4 5 6 8 9 |  9.0
Long Blades    | 4 |  4.2

Action                   |  1- 3 |  4- 6 |  7- 9 | 10-12 || total
-------------------------+-------+-------+-------+-------++-------
Melee: Dagger            |    42 |   391 |   615 |       ||  1048
       Short sword       |       |       |    53 |   544 ||   597
       Long sword        |       |       |       |   368 ||   368
Throw: Dart              |    14 |    25 |   132 |   129 ||   300
       Boomerang         |       |       |    56 |    10 ||    66
Invok: Shadow Step       |       |       |       |     7 ||     7
Evoke: Wand              |       |       |     2 |    26 ||    28
       Sack of spiders   |       |       |       |     3 ||     3
  Use: Scroll            |       |     9 |     3 |    11 ||    23
       Potion            |       |     1 |     2 |     2 ||     5
 Stab: Sleeping          |     7 |    44 |    21 |    47 ||   119
       Distracted        |       |     3 |     2 |     3 ||     8
       Paralysed         |       |       |     2 |     4 ||     6
  Eat: Ration            |       |     1 |     4 |     6 ||    11
Armor: Robe              |     3 |    24 |    52 |    63 ||   142
Dodge: Dodged            |    19 |   263 |   455 |   865 ||  1602
       Rpst.: Long sword |       |       |       |   155 ||   155

Table legend:
 A = Non-vault XP
 B = Vault XP
 C = Vault XP percentage of total XP
 D = Non-vault monster count
 E = Vault monster count
 F = Vault count percentage of total count
                 A         B        C        D         E       F
            +---------+---------+-------+---------+---------+-------
      Total |   27264 |    9884 |  26.6 |     289 |     129 |  30.9
            +---------+---------+-------+---------+---------+-------
        D:1 |      11 |       0 |   0.0 |       7 |       0 |   0.0
        D:2 |     122 |       0 |   0.0 |      29 |       0 |   0.0
        D:3 |      80 |       7 |   8.0 |      28 |       5 |  15.2
        D:4 |     284 |       0 |   0.0 |       9 |       0 |   0.0
        D:5 |     284 |       0 |   0.0 |      13 |       0 |   0.0
        D:6 |    1009 |       0 |   0.0 |      27 |       0 |   0.0
        D:7 |    1835 |       0 |   0.0 |      36 |       0 |   0.0
        D:8 |    1128 |       0 |   0.0 |      16 |       0 |   0.0
        D:9 |    2166 |    1207 |  35.8 |      32 |       5 |  13.5
     Lair:1 |    1387 |    1063 |  43.4 |       8 |       3 |  27.3
     Lair:2 |    3363 |     463 |  12.1 |      14 |       2 |  12.5
     Lair:3 |    4177 |    2022 |  32.6 |      18 |       6 |  25.0
     Lair:4 |    6947 |     805 |  10.4 |      29 |      11 |  27.5
     Lair:5 |    3515 |    1876 |  34.8 |      20 |       6 |  23.1
     Lair:6 |     956 |       0 |   0.0 |       3 |       0 |   0.0
      Sewer |       0 |      77 | 100.0 |       0 |      23 | 100.0
    Ossuary |       0 |     263 | 100.0 |       0 |      56 | 100.0
      IceCv |       0 |    1359 | 100.0 |       0 |       7 | 100.0
    Volcano |       0 |     742 | 100.0 |       0 |       5 | 100.0
            +---------+---------+-------+---------+---------+-------
